Map: Arctic Dream LE

Players

qqq - Winner!

  • Race: Zerg Zerg
  • Spawn Location: 6:00

Massa - Winner!

  • Race: Terran Terran
  • League: Platinum
  • Spawn Location: 5:00

Kaldery

  • Race: Zerg Zerg
  • Spawn Location: 11:00

necro

  • Race: Terran Terran
  • Spawn Location: 12:00

VOD

Have the link to the VOD?

Description

Time

  • Played on: Oct. 3, 2020, 5:26 a.m.
  • Length: 17:07
Show
View Real Time Build Order
Export as new Build Order

qqq Zerg - Winner!

Build Orders: Hatch First 

Get SALT Encoding   

  12  0:01  Drone  
  13  0:11  Drone  
  14  0:35  Hatchery  
  13  0:41  Drone  
  14  1:05  Spawning Pool, Overlord  
  14  1:07  Drone  
  14  1:10  Extractor  
  13  1:13  Drone  
  14  1:25  Drone  
  15  1:28  Drone  
  16  1:39  Drone  
  17  2:05  Drone x4  
  17  2:07  Queen  
  23  2:11  Queen  
  25  2:19  Metabolic Boost  
  25  2:23  Overlord  
  25  2:26  Drone  
  26  2:30  Drone  
  26  2:33  Drone  
  28  2:40  Extractor  
  27  3:00  Drone x2, Roach Warren  
  27  3:01  Drone  
  29  3:07  Drone x2  
  29  3:08  Zergling x2  
  32  3:13  Zergling x2  
  32  3:15  Drone  
  34  3:23  Baneling Nest  
  34  3:24  Lair  
  34  3:25  Overlord  
  33  3:27  Zergling x2  
  33  3:29  Zergling x2  
  33  3:31  Drone  
  36  3:42  Overlord  
  36  3:44  Roach x2  
  36  3:46  Roach  
  42  3:50  Zergling x4  
  44  4:06  Roach  
  44  4:08  Drone x2  
  44  4:09  Drone x2  
  50  4:10  Extractor  
  50  4:17  Zergling x2  
  50  4:19  Baneling x2  
  50  4:20  Baneling  
  49  4:39  Roach  
  51  4:52  Overlord x2  
  51  4:53  Overlord x2  
  51  4:56  Hatchery  
  51  4:58  Drone  
  51  5:03  Glial Reconstitution  
  51  5:04  Hatchery  
  28  5:44  Drone x2, Roach x3  
  28  5:45  Drone  
  28  5:46  Drone x2  
  28  5:48  Queen  
  40  6:12  Drone x2  
  40  6:18  Drone x5  
  45  6:19  Drone x2  
  45  6:25  Drone  
  50  6:33  Spore Crawler  
  50  6:35  Spore Crawler  
  50  6:36  Drone, Spore Crawler  
  50  6:39  Drone x2  
  50  6:40  Roach x2  
  50  6:41  Roach x2  
  50  6:47  Queen  
  58  6:52  Roach  
  58  6:53  Drone  
  63  6:55  Drone  
  64  7:07  Drone x2  
  64  7:08  Drone  
  67  7:09  Roach x2  
  71  7:21  Zergling x4  
  73  7:24  Baneling x2  
  73  7:27  Drone x4, Overlord  
  73  7:28  Zergling x2  
  73  7:29  Zergling x2  
  79  7:38  Spore Crawler  
  78  7:45  Extractor, Drone x3  
  78  7:47  Spore Crawler  
  78  7:49  Spore Crawler  
  78  7:50  Spore Crawler  
  77  7:52  Drone, Spore Crawler  
  77  7:53  Drone  
  77  7:54  Extractor  
  77  8:09  Drone  
  77  8:10  Drone x2  
  78  8:34  Spore Crawler x2  
  78  8:38  Spore Crawler x2  
  78  8:39  Drone x4  
  78  8:43  Hydralisk Den  
  76  8:59  Roach x4  
  76  9:00  Roach x2  
  76  9:02  Overlord x6  
  88  9:03  Overlord  
  80  9:28  Hydralisk x2, Roach x4  
  80  9:29  Zergling x2  
  80  9:30  Zergling x14  
  91  9:57  Hydralisk x2  
  91  9:58  Drone x5  
  91  9:59  Drone x3  
  87  10:03  Drone  
  87  10:06  Drone  
  87  10:07  Drone x3  
  88  10:13  Grooved Spines  
  90  10:18  Extractor  
  90  10:28  Drone x3  
  90  10:29  Drone x4  
  84  10:36  Baneling x3  
  84  10:37  Baneling x2  
  84  10:38  Roach x3  
  84  10:39  Drone x2  
  84  10:40  Drone, Zergling x2, Roach  
  96  10:50  Queen  
  98  10:59  Drone x3  
  98  11:00  Drone, Hydralisk x2  
  98  11:01  Hydralisk  
  98  11:02  Hydralisk x2  
  112  11:08  Evolution Chamber  
  111  11:11  Evolution Chamber  
  111  11:12  Spore Crawler  
  97  11:42  Hydralisk x3  
  97  11:43  Drone x2, Hydralisk x3  
  97  11:44  Hydralisk x3  
  97  11:45  Drone x2  
  97  11:46  Drone x6  
  126  11:47  Drone  
  126  11:58  Roach  
  128  12:02  Zerg Missile Weapons Level 1  
  128  12:04  Zerg Melee Weapons Level 1  
  128  12:05  Drone x2  
  130  12:13  Drone, Extractor  
  130  12:14  Hydralisk x2  
  134  12:25  Zergling x10  
  134  12:27  Drone x3  
  127  12:57  Hydralisk x3  
  127  12:58  Roach  
  133  12:59  Zergling x2, Roach x5  
  133  13:04  Extractor  
  143  13:05  Extractor  
  142  13:20  Hatchery  
  142  13:24  Hydralisk x2  
  142  13:26  Zergling x2  
  143  13:27  Hatchery x2, Zergling x4, Overlord  
  143  13:28  Overlord x4  
  135  13:44  Hydralisk x4  
  135  13:46  Drone x3  
  135  13:47  Overlord x3  
  144  14:01  Drone  
  145  14:14  Queen  
  145  14:16  Zergling x14  
  145  14:17  Zergling x6  
  157  14:25  Infestation Pit  
  157  14:28  Zerg Missile Weapons Level 2  
  157  14:29  Zerg Ground Armor Level 1, Lurker Den  
  155  14:34  Drone  
  155  14:36  Hydralisk x3  
  155  14:37  Zergling x4  
  155  14:38  Zergling x4  
  166  14:42  Overseer  
  166  14:48  Spire  
  166  14:50  Drone  
  166  14:56  Zergling x10  
  166  14:57  Zergling x2  
  172  15:13  Drone x4  
  172  15:14  Drone x5  
  179  15:17  Spore Crawler  
  179  15:18  Spore Crawler  
  179  15:25  Drone x3  
  179  15:26  Swarm Host  
  179  15:27  Spore Crawler x2, Swarm Host x5  
  198  15:29  Overlord  
  198  15:34  Spore Crawler x2  
  193  16:07  Drone x5  
  193  16:08  Drone x2  
Show
View Real Time Build Order
Export as new Build Order

Massa Terran - Winner!

Build Orders: Reaper Expand 

Get SALT Encoding   

  12  0:00  SCV  
  13  0:12  SCV  
  14  0:16  Supply Depot  
  14  0:24  SCV  
  15  0:38  SCV  
  15  0:40  Barracks  
  16  0:44  Refinery  
  16  0:50  SCV  
  17  1:02  SCV  
  18  1:14  SCV  
  19  1:19  Supply Depot  
  19  1:30  Orbital Command  
  19  1:31  Reaper  
  20  1:52  Command Center  
  20  1:55  SCV  
  21  2:03  Marine  
  22  2:23  Barracks Reactor  
  22  2:26  SCV, Factory  
  23  2:35  Refinery  
  23  2:38  SCV  
  24  2:45  Command Center  
  24  2:50  SCV  
  25  3:02  SCV  
  26  3:11  Starport  
  26  3:13  Supply Depot  
  26  3:18  SCV  
  27  3:22  Orbital Command  
  27  3:25  Hellion  
  29  3:27  Barracks Tech Lab  
  29  3:30  SCV  
  29  3:33  Hellion  
  32  3:42  SCV  
  33  3:49  Hellion  
  33  3:54  SCV  
  36  3:58  Medivac  
  36  4:00  Hellion  
  40  4:03  Marine  
  40  4:06  SCV  
  42  4:10  Orbital Command  
  42  4:11  Hellion  
  44  4:45  Marine x2  
  45  4:50  Siege Tank  
  45  4:52  SCV x3  
  52  4:56  Engineering Bay  
  52  5:00  Medivac  
  52  5:03  Barracks, Marine x2  
  52  5:04  SCV x2  
  52  5:06  Barracks  
  58  5:12  Supply Depot  
  58  5:36  Supply Depot  
  54  5:56  Marine x2  
  56  5:57  Siege Tank  
  56  6:00  Barracks Tech Lab  
  56  6:03  Barracks Reactor  
  59  6:11  Refinery  
  59  6:13  Missile Turret  
  59  6:14  Marine x2  
  59  6:15  Refinery, Missile Turret  
  61  6:20  Missile Turret  
  61  6:22  Missile Turret  
  61  6:29  Terran Infantry Weapons Level 1  
  61  6:34  Marauder, Marine x2  
  65  6:41  Missile Turret  
  65  6:52  Marine x2  
  65  6:53  Viking  
  69  6:57  Marauder  
  71  7:02  Stimpack  
  71  7:04  Marine x2  
  73  7:10  Widow Mine, Marine x2  
  73  7:14  SCV x2  
  73  7:15  SCV  
  80  7:18  Marauder  
  80  7:22  Marine x2  
  84  7:26  SCV  
  85  7:40  Supply Depot  
  85  7:43  Supply Depot  
  85  7:44  Missile Turret  
  85  7:47  Missile Turret  
  85  7:50  Supply Depot  
  85  7:52  Supply Depot  
  85  7:54  Supply Depot  
  85  7:56  Supply Depot  
  85  7:59  Supply Depot  
  85  8:01  SCV x3, Marine x3  
  85  8:02  Supply Depot  
  91  8:07  Supply Depot  
  91  8:13  SCV x3  
  91  8:19  Marine x2  
  96  8:41  Combat Shield  
  96  8:43  Missile Turret  
  96  8:47  Sensor Tower  
  96  8:51  Marauder, Marine x3  
  96  8:52  Marine  
  96  8:53  Widow Mine, Missile Turret  
  104  9:08  Marine  
  105  9:12  Marauder  
  105  9:14  Widow Mine  
  90  9:24  Marine x3  
  83  9:26  Marine  
  83  9:33  Marauder  
  76  9:41  Marine  
  76  9:42  Marine x2  
  76  9:44  Marine  
  71  9:55  Marauder  
  71  9:59  SCV x2, Marine  
  74  10:00  Marine x2  
  74  10:02  Orbital Command, Marine  
  77  10:11  SCV  
  77  10:12  SCV  
  79  10:16  Marauder  
  79  10:17  Marine  
  79  10:18  Marine x2  
  79  10:20  Marine  
  85  10:23  SCV  
  85  10:24  SCV  
  85  10:26  Missile Turret  
  87  10:29  Missile Turret  
  87  10:35  Marine x2  
  86  10:36  Marine  
  86  10:37  Marauder, Marine  
  86  10:39  Concussive Shells  
  86  10:40  Medivac  
  93  10:45  Siege Tank  
  93  10:46  Missile Turret  
  96  10:52  Missile Turret  
  96  10:53  Marine x2  
  96  10:54  Marine  
  96  10:55  Marine  
  100  10:59  Marauder  
  100  11:00  Barracks  
  100  11:03  Barracks  
  102  11:07  Barracks, Missile Turret  
  102  11:10  Medivac  
  102  11:11  Marine x2  
  105  11:12  Marine, Missile Turret  
  105  11:13  Marine  
  105  11:17  Siege Tank  
  109  11:20  Marauder  
  111  11:28  Marine  
  111  11:29  Marine x2  
  103  11:42  Marauder  
  103  11:45  Marine  
  103  11:46  Marine  
  109  11:47  Marine x2  
  109  11:49  Barracks Reactor  
  111  11:54  Starport Reactor  
  109  12:03  Marauder, Marine  
  109  12:04  Marine  
  109  12:05  Marine x2  
  115  12:09  Terran Infantry Armor Level 1  
  115  12:12  Armory  
  115  12:14  Barracks Tech Lab  
  115  12:15  Barracks Reactor  
  115  12:17  Engineering Bay  
  115  12:24  Marauder  
  105  12:46  Marauder  
  87  12:56  Marauder, Marine x8  
  88  13:00  Thor  
  88  13:03  Medivac x2  
  98  13:07  Marauder  
  100  13:13  Marine  
  100  13:14  Marine x7  
  100  13:16  SCV x2  
  100  13:17  SCV, Marauder  
  112  13:21  Command Center  
  110  13:28  SCV  
  110  13:29  Marauder  
  110  13:31  Marine  
  110  13:32  Marine x3  
  110  13:33  Medivac x2  
  121  13:39  Marauder  
  123  13:43  Thor  
  129  13:50  Marauder  
  131  14:00  Marauder  
  133  14:03  Medivac  
  135  14:11  Marauder  
  137  14:21  Marauder  
  137  14:22  Command Center  
  139  14:24  Missile Turret  
  139  14:25  Missile Turret x2  
  139  14:26  Missile Turret, Siege Tank  
  139  14:27  Missile Turret x3  
  139  14:28  Marine  
  139  14:29  Marine x6  
  139  14:30  Terran Infantry Armor Level 2  
  149  14:33  Marauder  
  151  14:43  Marauder  
  153  14:54  Marauder  
  155  15:04  Marauder  
  156  15:22  Missile Turret  
  155  15:31  Marauder x2, Marine x3  
  155  15:32  Marine x3  
  165  15:36  Missile Turret  
  165  15:39  Missile Turret  
  164  15:46  Planetary Fortress  
  164  15:49  Marine x3  
  166  15:51  Thor  
  172  16:15  Marauder  
  172  16:16  Marauder  
  159  16:36  Marauder  
  159  16:37  Marauder  
Show
View Real Time Build Order
Export as new Build Order

Kaldery Zerg 

Build Orders: Hatch First, Lurkers 

Get SALT Encoding   

  12  0:00  Drone  
  13  0:14  Overlord  
  13  0:17  Drone  
  14  0:35  Drone  
  15  0:40  Drone  
  15  0:41  Drone  
  17  0:54  Hatchery  
  16  1:03  Drone x2  
  18  1:05  Extractor  
  17  1:18  Spawning Pool  
  17  1:23  Drone  
  17  1:25  Drone  
  18  1:34  Overlord  
  18  1:58  Drone x2  
  20  2:17  Zergling x2  
  20  2:18  Zergling x2  
  20  2:19  Queen x2  
  26  2:36  Metabolic Boost  
  26  2:39  Drone  
  26  2:40  Hatchery  
  26  2:45  Zergling x4  
  26  2:51  Drone x2  
  30  3:03  Lair  
  30  3:16  Drone x4  
  34  3:29  Drone x2  
  34  3:30  Extractor  
  35  3:35  Overlord  
  35  3:48  Extractor, Queen  
  35  3:49  Extractor  
  35  4:10  Drone x2  
  35  4:11  Drone x3, Zergling x6  
  43  4:19  Zergling x4  
  43  4:21  Drone x2  
  43  4:22  Drone x3, Overlord  
  50  4:41  Queen  
  52  4:58  Drone x3  
  55  5:02  Spire  
  55  5:05  Hydralisk Den  
  53  5:10  Evolution Chamber  
  53  5:11  Drone x3  
  53  5:12  Drone x3, Overlord  
  56  5:43  Spore Crawler x2  
  56  5:44  Hydralisk x3  
  56  5:45  Hydralisk x2  
  64  6:01  Hydralisk  
  66  6:23  Overlord x2  
  66  6:24  Overlord x2  
  66  6:25  Overlord  
  66  6:28  Zerg Flyer Weapons Level 1  
  66  6:32  Zerg Melee Weapons Level 1  
  66  6:35  Grooved Spines  
  66  6:42  Drone x2  
  66  6:43  Mutalisk x3, Overlord x2  
  66  6:44  Mutalisk x3  
  80  6:56  Mutalisk x2  
  84  7:10  Lurker Den, Spore Crawler  
  82  7:17  Drone x3  
  82  7:18  Drone x5  
  82  7:21  Extractor  
  89  7:23  Extractor  
  89  7:28  Mutalisk x2  
  92  7:43  Overseer x2  
  92  7:44  Mutalisk  
  92  7:45  Zergling x12  
  92  7:46  Zergling x2  
  101  8:34  Mutalisk x4, Hydralisk  
  97  8:35  Hydralisk x2  
  97  8:36  Zergling x8  
  97  8:37  Zergling x8  
  97  8:38  Zergling x6  
  61  9:31  Zergling x4  
  61  9:32  Zergling x14  
  61  9:33  Zergling x8  
  72  9:47  Zergling x12  
  72  9:48  Mutalisk x5, Zergling x4  
  83  10:05  Drone x4  
  83  10:06  Drone  
  88  10:08  Queen  
  88  10:10  Zerg Flyer Weapons Level 2  
  90  10:14  Zerg Ground Armor Level 1  
  88  10:32  Mutalisk  
  88  10:33  Mutalisk x3, Zergling x6  
  88  10:34  Zergling x2  
  99  10:38  Muscular Augments  
  99  10:49  Mutalisk  
  99  10:50  Zergling x10  
  99  10:51  Zergling x2  
  107  10:58  Queen  
  107  10:59  Hatchery  
  107  11:00  Extractor  
  83  11:33  Queen  
  76  11:45  Hydralisk x2, Zergling x2  
  76  11:46  Hydralisk x4, Zergling x8  
  93  11:47  Mutalisk x2  
  97  11:59  Hydralisk x3  
  103  12:09  Queen  
  103  12:15  Lurker Den  
  104  12:21  Drone x6  
  104  12:22  Drone x2  
  111  12:29  Overlord x3  
  111  12:30  Overlord x2  
  105  12:45  Pneumatized Carapace  
  92  12:55  Zergling x2  
  92  12:56  Zergling x14  
  92  12:57  Zergling x8  
  88  13:32  Hydralisk x7  
  88  13:33  Hydralisk  
  104  13:36  Overlord  
  104  13:37  Overlord x2  
  102  13:59  Lurker x4  
  102  14:01  Lurker x4  
  110  14:13  Zergling x14, Infestation Pit  
  110  14:14  Zergling x10  
  110  14:16  Overseer  
  121  14:28  Zergling x10  
  121  14:29  Zergling x4  
  128  14:32  Zerg Missile Weapons Level 1  
  128  14:42  Evolution Chamber  
  127  15:10  Drone, Zergling x2  
  129  15:14  Baneling Nest  
  129  15:17  Overlord x6  
  129  15:18  Overlord x3  
  128  15:22  Hatchery  
  127  15:55  Hatchery  
  73  16:34  Zergling x6  
  73  16:35  Hydralisk, Zergling x12  
  73  16:36  Hydralisk x8, Zergling x8  
  73  16:37  Zergling x8  
Show
View Real Time Build Order
Export as new Build Order

necro Terran 

Build Orders:  

Get SALT Encoding   

  12  0:01  SCV  
  13  0:13  SCV  
  14  0:30  SCV  
  14  0:33  Supply Depot  
  15  0:40  Refinery  
  15  0:49  Refinery  
  15  0:54  SCV  
  16  1:00  Barracks  
  16  1:07  SCV  
  17  1:11  Supply Depot  
  17  1:19  SCV  
  18  1:31  SCV  
  18  1:32  Barracks  
  19  1:43  SCV  
  20  1:50  Marine  
  21  2:02  SCV  
  21  2:06  Factory  
  21  2:11  Marine  
  22  2:20  Barracks Tech Lab  
  22  2:30  Supply Depot  
  22  2:40  Barracks Reactor  
  22  2:41  Marine  
  23  2:46  SCV  
  24  2:56  Starport  
  24  2:59  Marine  
  25  3:14  Factory Reactor  
  25  3:17  SCV  
  25  3:18  Stimpack  
  26  3:20  Marine  
  26  3:22  Marine  
  26  3:26  Marine  
  29  3:29  SCV  
  30  3:37  Medivac  
  30  3:40  Marine  
  33  3:43  SCV  
  34  3:53  Supply Depot  
  34  4:02  Marine x2  
  35  4:04  Marine  
  35  4:08  Factory Tech Lab  
  37  4:22  Marine x3  
  40  4:30  SCV  
  41  4:33  Siege Tank  
  44  4:44  SCV  
  45  4:52  Supply Depot  
  45  5:12  Marine  
  45  5:13  Marine  
  47  5:17  Command Center  
  30  6:07  Medivac x2  
  34  6:23  Orbital Command  
  34  6:35  Refinery  
  34  6:37  Medivac  
  36  6:53  SCV  
  37  7:00  SCV  
  38  7:05  SCV  
  39  7:10  Marine x3  
  42  7:17  SCV x2  
  44  7:29  SCV  
  45  7:31  Marine x3  
  48  7:49  Marine x2  
  48  7:50  Marine  
  51  8:01  SCV x2  
  53  8:07  Marine x2  
  53  8:08  Marine  
  56  8:25  Marine x2  
  56  8:26  Marine  
  59  8:35  Combat Shield  
  59  8:38  Siege Tank  
  59  8:39  SCV  
  63  8:42  Marine  
  63  8:43  Marine  
  63  8:44  Marine  
  63  8:45  Refinery  
  66  8:48  SCV  
  66  8:52  SCV  
  68  9:00  SCV, Marine  
  70  9:33  Marine x3  
  70  9:34  SCV  
  50  9:51  Reaper, Marine x2  
  53  10:09  Reaper, Marine  
  55  10:15  Barracks  
  55  10:22  Barracks  
  55  10:23  Marine  
  55  10:27  Marine  
  57  10:41  Marine x2  
  59  10:44  Marine  
  60  10:54  SCV  
  61  10:59  Marine x2  
  61  11:02  Marine  
  61  11:04  Marine  
  65  11:06  SCV  
  66  11:17  Marine x2  
  68  11:18  SCV  
  68  11:20  Marine  
  68  11:24  Marine  
  65  11:30  SCV  
  57  11:34  Marine x2  
  57  11:37  Marine  
  57  11:38  Marine  
  55  11:42  SCV, Marine  
  56  11:47  Medivac x2  
  56  11:51  Siege Tank  
  56  11:52  Marine x2  
  65  11:55  Marine  
  65  11:56  Marine  
  65  12:00  Marine  
  68  12:10  Marine x2  
  68  12:11  Engineering Bay  
  70  12:19  Command Center  
  70  12:20  Supply Depot  
  70  12:31  Marine  
  70  12:32  Marine  
  70  12:33  Marine  
  70  12:34  Medivac  
  70  12:41  Marine x2, Medivac  
  73  12:49  Marine  
  54  12:56  Marine x2  
  54  12:59  Marine x2  
  58  13:06  Siege Tank  
  58  13:07  Marine  
  60  13:13  Marine  
  60  13:14  Marine  
  60  13:17  Marine x2  
  64  13:25  Marine  
  65  13:31  Marine x2  
  67  13:35  Marine x2  
  67  13:36  Barracks  
  67  13:38  Siege Tank  
  67  13:40  Barracks  
  72  13:42  Marine  
  73  13:49  Marine x2  
  73  13:52  Marine x2  
  77  14:00  Marine  
  78  14:07  Marine x2  
  80  14:10  Marine x2  
  80  14:17  Medivac x2  
  84  14:18  Marine  
  87  14:25  Marine x2  
  87  14:28  Marine x2  
  91  14:36  Marine  
  92  14:43  Marine  
  93  14:51  Marine x3, Medivac x2, Siege Tank  
  103  14:53  Marine  
  103  14:54  Marine  
  103  14:55  Marine  
  106  15:00  Marine  
  107  15:09  Marine x3  
  107  15:12  Marine  
  111  15:21  Medivac  
  111  15:24  Siege Tank  
  104  15:56  Siege Tank  
  98  16:04  SCV  
  99  16:13  Marine x2  
  99  16:14  Marine x5  
  99  16:16  SCV  
  106  16:28  Siege Tank  
  106  16:31  Marine x4  
  106  16:32  Marine  
Tags
 
Add a new tag
Caveats
  • Supply blocks, unpowered buildings, or Contaminate may cause inaccurate times.
  • Supply counts are checked every 10 seconds.